 Dungeon Crawl Stone Soup version 0.18.1-48-g4cf74bf (webtiles) character file.

124 kobby the Skirmisher (level 5, -2/47 HPs)
             Began as a Hill Orc Fighter on July 7, 2016.
             Slain by an orc warrior
             ... wielding a +1 war axe of chopping
              (4 damage)
             ... on level 3 of the Dungeon.
             The game lasted 00:03:45 (1693 turns).

kobby the Skirmisher (Hill Orc Fighter)             Turns: 1693, Time: 00:03:46

Health: -2/47      AC: 13    Str: 20    XL:     5   Next: 8%
Magic:  5/5        EV:  4    Int:  8    God:
Gold:   173        SH:  9    Dex: 10    Spells: 0 memorised, 4 levels left

rFire  . . .     SeeInvis .     a - +0 war axe
rCold  . . .     Gourm    .     p - +0 plate armour
rNeg   . . .     Faith    .     c - +0 shield
rPois  .         Spirit   .     (no helmet)
rElec  .         Dismiss  .     l - +0 cloak
rCorr  .         Reflect  .     (no gloves)
SustAt .         Harm     .     (no boots)
MR     .....                    (no amulet)
Stlth  ..........               (no ring)
                                (no ring)

@: not resistant to hostile enchantments, extremely unstealthy
A: no striking features
a: Convert to Beogh


You were on level 3 of the Dungeon.
You were full.

You visited 1 branch of the dungeon, and saw 3 of its levels.

You collected 173 gold pieces.

Inventory:

Hand Weapons
 a - a +0 war axe (weapon)
Armour
 c - a +0 shield (worn)
 l - a +0 cloak (worn)
 p - a +0 plate armour (worn)
Jewellery
 g - an uncursed amulet of dismissal {unknown}
Scrolls
 e - a scroll of identify {unknown}
 n - a scroll of recharging {unknown}
Potions
 b - 2 potions of haste {unknown}
 d - 2 potions of might
 h - 2 potions of lignification {unknown}
 i - a potion of cancellation {unknown}
 k - 3 potions of flight {unknown}
 o - a potion of curing {unknown}
Comestibles
 f - a bread ration
 j - a meat ration


   Skills:
 + Level 4.3 Fighting
 + Level 3.4 Axes
 + Level 4.2 Armour
 + Level 1.4 Dodging
 + Level 4.0 Shields


You had 4 spell levels left.
You didn't know any spells.

Dungeon Overview and Level Annotations

Branches:
Dungeon (3/15)

Altars:

Annotations:
D:3 Grinder


Message History

Beogh smites you! You block the orc's attack.
You slash the orc!
You kill the orc!
The orc warrior hits you with a war axe of chopping!
A giant newt comes into view.
Grinder shouts!
Grinder blinks!
You block the giant newt's attack.
The giant newt bites you but does no damage.
You block the giant newt's attack.
Your plate armour prevents you from hitting the giant newt.
The giant newt bites you but does no damage. x2
You slash the giant newt!
You kill the giant newt!
Grinder blinks!
You barely miss the orc warrior.
The orc warrior hits you with a war axe of chopping! x2
* * * LOW HITPOINT WARNING * * *
You die...

####### #####
##..5o@# ....#
#####w..####
....###..o.o.##
....ow..#...##
....#####5###
.(..# #.# ...##
#.# ..## #.ยง
#w#######.#


You could see Grinder, an orc warrior, a worm, an orc priest and an orc.

Vanquished Creatures
  Jessica (D:2)
  Terence (D:2)
  2 adders (D:2)
  3 oozes
  2 worms (D:2)
  A dart slug (D:1)
  2 giant geckos (D:1)
  An orc (D:3)
  2 bats
  2 giant cockroaches
  A goblin (D:1)
  6 hobgoblins
  6 kobolds
  A quokka (D:2)
  4 giant newts
  3 rats
38 creatures vanquished.

Notes
Turn   | Place    | Note
--------------------------------------------------------------
     0 | D:1      | kobby the Hill Orc Fighter began the quest for the Orb.
     0 | D:1      | Reached XP level 1. HP: 19/19 MP: 1/1
    75 | D:1      | Reached XP level 2. HP: 27/27 MP: 2/2
   460 | D:1      | Reached XP level 3. HP: 29/33 MP: 3/3
  1129 | D:2      | Reached XP level 4. HP: 33/40 MP: 4/4
  1460 | D:2      | Noticed Jessica
  1463 | D:2      | Killed Jessica
  1463 | D:2      | Reached skill level 1 in Dodging
  1465 | D:2      | Noticed Terence
  1476 | D:2      | Killed Terence
  1520 | D:2      | Reached XP level 5. HP: 47/47 MP: 5/5
  1667 | D:3      | Noticed an orc warrior
  1669 | D:3      | Noticed Grinder
  1693 | D:3      | HP: 2/47 [orc warrior/war axe of chopping (14)]
  1693 | D:3      | Slain by an orc warrior

Skill      XL: |  1  2  3  4 |
---------------+-------------+-----
Axes           | 3 |  3.4
Fighting       | 4 |  4.3
Armour         | 4 |  4.2
Dodging        | 1 |  1.4
Shields        | 4 |  4.0

Action                   |  1- 3 |  4- 6 || total
-------------------------+-------+-------++-------
Melee: War axe           |    89 |    37 ||   126
  Use: Scroll            |     2 |     1 ||     3
  Eat: Fruit             |       |     3 ||     3
       Meat ration       |       |     1 ||     1
Armor: Scale mail        |    36 |     6 ||    42
       Plate armour      |       |     5 ||     5
Dodge: Dodged            |    34 |     3 ||    37
Block: Shield            |    61 |    19 ||    80
